 Dungeon Crawl Stone Soup version 0.29-a0-847-g24c0ca63c9 (webtiles) character file.

Game seed: 9003556594947089520

176 Malachi the Cudgeller (level 5, -3/41 HPs)
             Began as a Ghoul Gladiator on July 16, 2022.
             Slain by a necrophage (6 damage)
             ... on level 4 of the Dungeon.
             The game lasted 00:02:49 (3794 turns).

Malachi the Cudgeller (Ghoul Gladiator)             Turns: 3794, Time: 00:02:49

Health: -3/41      AC:  4    Str: 20    XL:     5   Next: 56%
Magic:  4/4        EV: 12    Int:  3    God:
Gold:   199        SH:  0    Dex: 10    Spells: 4/4 levels left

rFire   . . .      SeeInvis .   a - +0 flail
rCold   + . .      Faith    .   (no shield)
rNeg    + + +      Spirit   .   b - +0 leather armour
rPois   ∞          Reflect  .   c - +0 helmet
rElec   .          Harm     .   (no cloak)
rCorr   .          Rampage  .   (no gloves)
Will    .....                   (no boots)
Stlth   +.........              (no amulet)
HPRegen 0.00/turn               (no ring)
MPRegen 0.09/turn               (no ring)

@: inhibited regen
A: claws 1, cold resistance 1, negative energy resistance 3, inhibited
regeneration, torment resistance 2, devour on kill
a: no special abilities


You were on level 4 of the Dungeon.
You visited 1 branch of the dungeon, and saw 4 of its levels.

You collected 199 gold pieces.

Inventory:

Hand Weapons
 a - a +0 flail (weapon)
Missiles
 d - 3 throwing nets (quivered)
 e - 5 javelins
Armour
 b - a +0 leather armour (worn)
 c - a +0 helmet (worn)
Jewellery
 f - a ring of fire
 m - a ring of wizardry
 r - a ring of flight
 s - a +4 ring of slaying
Scrolls
 i - a scroll of fear {unknown}
 j - 2 scrolls of acquirement {unknown}
 l - a scroll of silence {unknown}
 n - a scroll of teleportation {unknown}
 p - a scroll of noise {unknown}
 q - 3 scrolls of identify {unknown}
 t - a scroll of fog {unknown}
Potions
 g - 2 potions of lignification {unknown}
 h - 2 potions of curing {unknown}
 k - 2 potions of magic {unknown}
 o - a potion of flight {unknown}
 u - a potion of attraction {unknown}


   Skills:
 - Level 2.2 Fighting
 + Level 5.5 Maces & Flails
 - Level 1.8 Throwing
 - Level 2.7 Dodging


You had 4 spell levels left.
You didn't know any spells.
Your spell library contained the following spells:

 Spells                   Type           Power      Damage    Failure   Level
 Slow                     Hex            0%         N/A       58%         1
 Confusing Touch          Hex            0%         N/A       91%         3
 Vampiric Draining        Necr           0%         2d6       91%         3


Dungeon Overview and Level Annotations

Branches:
Dungeon (4/15)
 Temple: D:4-7

Altars:
Okawaru


Innate Abilities, Weirdness & Mutations

You are immune to poison.
You have sharp fingernails.
Your flesh is cold resistant. (rC+)
You are immune to negative energy. (rN+++)
You do not regenerate when monsters are visible.
You are immune to unholy pain and torment.
You thrive by killing the living.


Message History

You barely miss the adder.
The adder is almost dead.
The adder bites you.
You closely miss the adder.
The adder is almost dead.
The adder bites you. x2
* * * LOW HITPOINT WARNING * * *
You completely miss the adder.
The adder is almost dead.
The adder bites you.
* * * LOW HITPOINT WARNING * * *
You thump the adder!
You kill the adder!
You sock the adder!
The adder is severely wounded.
The adder closely misses you. The adder barely misses you.
You completely miss the adder.
The adder is heavily wounded.
The adder bites you.
* * * LOW HITPOINT WARNING * * *
You closely miss the adder.
The adder is heavily wounded.
The adder bites you.
* * * LOW HITPOINT WARNING * * *
The adder bites you but does no damage.
You barely miss the adder.
The adder is heavily wounded.
The adder barely misses you.
You barely miss the adder.
The adder is heavily wounded.
The adder bites you.
* * * LOW HITPOINT WARNING * * *
The adder bites you but does no damage.
You miss the adder.
The adder is heavily wounded.
The adder bites you but does no damage.
You sock the adder!
You kill the adder!
The necrophage hits you.
You die...

.##.### #.....###
#...#... #......##
< .......### . ...
.......## ..
.....###......##...
......n@...........
.##.######..#......
##<.....# #........
.........
#.........
....#.#### ..##..##
.# #.


You could see a necrophage.

Vanquished Creatures
  A howler monkey (D:4)
  A hound (D:4)
  6 adders
  A dart slug (D:1)
  4 orcs (D:3)
  5 endoplasms
  A giant cockroach (D:2)
  5 goblins
  8 hobgoblins
  2 quokkas
  8 ball pythons
  4 bats
  5 frilled lizards
  4 kobolds
  7 rats
62 creatures vanquished.

Notes
Turn   | Place    | Note
-------+----------+-------------------------------------------
     0 | D:1      | Malachi the Ghoul Gladiator began the quest for the Orb.
     0 | D:1      | Reached XP level 1. HP: 17/17 MP: 0/0
   215 | D:1      | Reached skill level 3 in Maces & Flails
   280 | D:1      | Reached XP level 2. HP: 6/24 MP: 1/1
  1135 | D:1      | Reached XP level 3. HP: 24/29 MP: 2/2
  1558 | D:2      | Reached skill level 4 in Maces & Flails
  2024 | D:2      | Found a faded altar of an unknown god.
  2129 | D:2      | Reached XP level 4. HP: 10/36 MP: 3/3
  3394 | D:3      | Found an iron altar of Okawaru.
  3764 | D:4      | Reached skill level 5 in Maces & Flails
  3764 | D:4      | Reached XP level 5. HP: 35/41 MP: 4/4
  3794 | D:4      | Slain by a necrophage

Illustrated notes

Levels and vault maps discovered:
D:1:      giann_bridges, layout_basic, minmay_stone_trees_small,
          hangedman_decor_diamond_cutter
D:2:      layout_basic, nicolae_ecumenical_lake_church
D:3:      layout_loops_corners, okawaru_ov_weapons_minmay
D:4:      layout_rooms, nicolae_ru_sacrificial_ziggurat,
          makhleb_heckhound_becter, temple_green, gammafunk_ghost_smash,
          grunt_decor_junction, minmay_distorted

Skill      XL: |  1  2  3  4 |
---------------+-------------+-----
Maces & Flails | 3 4 5 |  5.5
Fighting       | |  2.2
Throwing       | |  1.8
Dodging        | |  2.7

Action                   |  1- 3 |  4- 6 || total
-------------------------+-------+-------++-------
Melee: Flail             |   149 |    82 ||   231
       Punch             |     1 |       ||     1
 Stab: Sleeping          |       |     1 ||     1
Armor: Leather armour    |    57 |    23 ||    80
Dodge: Dodged            |    96 |    63 ||   159

Table legend: (Time is in decaauts)
 A = Elapsed time spent in this place.
 B = Non-inter-level travel time spent in this place.
 C = Inter-level travel time spent in this place.
 D = Time resting spent in this place.
 E = Time spent auto-exploring this place.
 F = Levels seen in this place.
 G = Mean time per level.
                   A        B        C        D        E       F      G
               +--------+--------+--------+--------+--------+-----+--------+
         Total |   3839 |   3778 |     61 |    880 |   2382 |   4 |  959.8 |
       Dungeon |   3839 |   3778 |     61 |    880 |   2382 |   4 |  959.8 |
               +--------+--------+--------+--------+--------+-----+--------+

Top non-repeatable levels by time:
     D:1: 1405 daAuts
     D:2: 1332 daAuts
     D:3: 1061 daAuts
     D:4: 41 daAuts
